[Event "Early-Titled-Tuesday-Blitz-September-12-2023"]
[Site "Chess.com"]
[Date "2023.09.12"]
[Round "1"]
[White "sara_khm"]
[Black "turayev_shahruh17"]
[Result "0-1"]
[WhiteElo "2462"]
[BlackElo "2825"]
[TimeControl "180+1"]
[EndTime "8:06:22 PDT"]
[Termination "turayev_shahruh17 won by resignation"]

1. d4 Nf6 2. Nf3 c5 3. e3 d5 4. b3 g6 5. Bb2 Bg7 6. dxc5 O-O 7. Nbd2 Qa5 8. Bd4 Nc6 9. Be2 Ne4 10. Bxg7 Kxg7 11. O-O Nc3 12. Qe1 Nxe2+ 13. Qxe2 Qxc5 14.
c4 Bg4 15. cxd5 Qxd5 16. h3 Bxf3 17. Nxf3 e5 18. Rfd1 Qe6 19. Qb5 Qe7 20. Rd2 a6 21.
Qb6 Rfd8 22. Rad1 f6 23. Rxd8 Rxd8 24. Rxd8 Nxd8 25. Nd2 f5 26. Nc4 Nc6 27. Nb2 e4 28. Na4 Kf6 29. Nc5 Qd8 30. Qxd8+ Nxd8 31. Kf1 Ke7 32.
Ke2 Kd6 33. Na4 b5 34. Nc3 Kc5 35. Kd2 Kb4 36. Kc2 Ka3 37. Kb1 Nc6 38. Nd5 Nb4 39.
f3 Nxd5 0-1

[Event "Early-Titled-Tuesday-Blitz-September-12-2023"]
[Site "Chess.com"]
[Date "2023.09.12"]
[Round "1"]
[White "Bilan_Danila"]
[Black "pirulillo"]
[Result "0-1"]
[WhiteElo "2586"]
[BlackElo "2310"]
[TimeControl "180+1"]
[EndTime "8:06:23 PDT"]
[Termination "pirulillo won by resignation"]

1. d4 Nf6 2. Nf3 g6 3. Bg5 Bg7 4. c3 O-O 5. Nbd2 d6 6. e4 Nbd7 7.
Bc4 e5 8. dxe5 dxe5 9. Qc2 Qe7 10. O-O h6 11. Bh4 g5 12. Bg3 Nh5 13. Rfe1 c6 14. a4 a5 15. Nf1 Nc5 16. Ne3 Nf4 17. Nf5 Bxf5 18. exf5 Qc7 19. Rad1 Rfd8 20. h4 g4 21. Nh2 h5 22. Bxf4 exf4 23. f6 Bxf6 24. Qg6+ Bg7 25. Qxh5 Rxd1 26. Rxd1 g3 27. fxg3 fxg3 28. Ng4 Qf4 29.
Bxf7+ Qxf7 30. Qxc5 Re8 31. Rf1 Qe6 32. Qg5 Kh8 33.
h5 Rg8 34. h6 Bd4+ 35. cxd4 Rxg5 36. Ne5 Rxe5 37. dxe5 Qxe5 0-1

[Event "Early-Titled-Tuesday-Blitz-September-12-2023"]
[Site "Chess.com"]
[Date "2023.09.12"]
[Round "1"]
[White "ElenaPershina"]
[Black "KChor05TTV"]
[Result "0-1"]
[WhiteElo "2272"]
[BlackElo "2588"]
[TimeControl "180+1"]
[EndTime "8:06:23 PDT"]
[Termination "KChor05TTV won on time"]

1. c4 Nf6 2. g3 e6 3. Bg2 Be7 4.
Nf3 d5 5. O-O O-O 6. d4 dxc4 7.
Qc2 a6 8. a4 Bd7 9. Qxc4 Bc6 10.
Bf4 Nbd7 11. Nc3 Nb6 12. Qd3 Bb4 13. Bg5 h6 14. Bxf6 Qxf6 15. e4 Rad8 16. a5 Nc8 17. Rfd1 Na7 18. Ne5 Bb5 19. Nxb5 Nxb5 20. Qc4 Bd6 21.
Nf3 Qg6 22. e5 Be7 23. d5 exd5 24. Rxd5 Qe6 25. Nd2 Rxd5 26. Bxd5 Qxe5 27. Bxb7 Nd6 28. Qxa6 Qxb2 0-1

[Event "Early-Titled-Tuesday-Blitz-September-12-2023"]
[Site "Chess.com"]
[Date "2023.09.12"]
[Round "1"]
[White "FGHSMN"]
[Black "Machteld145"]
[Result "1-0"]
[WhiteElo "2896"]
[BlackElo "2495"]
[TimeControl "180+1"]
[EndTime "8:06:24 PDT"]
[Termination "FGHSMN won by resignation"]

1. e4 c5 2. Nf3 e6 3. d4 cxd4 4. Nxd4 Nf6 5. Nc3 Nc6 6. a3 Be7 7. Be3 O-O 8. Be2 d5 9. exd5 Nxd5 10. Nxd5 Qxd5 11. Bf3 Qc4 12. Nxc6 bxc6 13. Qe2 Qxe2+ 14. Bxe2 Rd8 15. Rd1 Bb7 16. O-O c5 17. f3 Rac8 18. Kf2 Bf6 19. Rxd8+ Bxd8 20. Rd1 Bb6 21. Bc4 Kf8 22.
a4 Ke7 23. Bf4 Bc7 24. Bg5+ f6 25. Be3 Bb6 26. b3 Rd8 27. Rxd8 Kxd8 28. Bxe6 Ke7 29.
Bg8 h6 30. a5 Bxa5 31. Bxc5+ Kd7 32. Bxa7 Bc3 33. Bh7 Kd6 34. Ke3 Ke5 35. Be4 Ba6 36. f4+ Ke6 37. Bd4 Ba5 38. c3 f5 39. Bf3 g5 40. g3 gxf4+ 41. Kxf4 Bc7+ 42. Ke3 Bb5 43. c4 Ba6 44. Bd5+ Kd6 45. Kf4 Bc8 46. Be5+ Kd7 47.
Bxc7 Kxc7 48. c5 1-0

[Event "Early-Titled-Tuesday-Blitz-September-12-2023"]
[Site "Chess.com"]
[Date "2023.09.12"]
[Round "1"]
[White "artooon"]
[Black "whiteglovethief"]
[Result "1-0"]
[WhiteElo "3053"]
[BlackElo "2528"]
[TimeControl "180+1"]
[EndTime "8:06:25 PDT"]
[Termination "artooon won on time"]

1. e4 e6 2. d4 d5 3. Nd2 c5 4. Ngf3 Nc6 5. Bb5 cxd4 6. Nxd4 Bd7 7. Nxc6 Bxc6 8. Qe2 Nf6 9. O-O Be7 10. exd5 Qxd5 11. Bxc6+ Qxc6 12. Nf3 O-O 13. c3 h6 14. Be3 b6 15. Bd4 Nd5 16. a4 Bc5 17. a5 Nf4 18. Qc4 Qe4 19. Rfe1 Qg6 20. g3 Bxd4 21. Qxd4 Nd5 22.
a6 Rfd8 23. Rad1 Qf6 24. Qe4 Rac8 25. Ne5 Qe7 26. h4 Nf6 27. Qb7 Rxd1 28. Qxc8+ Rd8 29. Nc6 1-0

[Event "Early-Titled-Tuesday-Blitz-September-12-2023"]
[Site "Chess.com"]
[Date "2023.09.12"]
[Round "1"]
[White "Superfelix"]
[Black "profedechess93"]
[Result "1-0"]
[WhiteElo "2410"]
[BlackElo "2667"]
[TimeControl "180+1"]
[EndTime "8:06:25 PDT"]
[Termination "Superfelix won by resignation"]

1. e4 e6 2. d4 d5 3. Bd3 dxe4 4. Bxe4 Nf6 5. Bf3 Nbd7 6. Ne2 Bd6 7. Nd2 e5 8. g3 O-O 9. O-O Re8 10. Nc4 e4 11.
Bg2 Bf8 12. Nc3 Nb6 13. Nxb6 axb6 14. Bg5 Bf5 15. f3 e3 16. Re1 c5 17. d5 c4 18. Kh1 Bc5 19. Ne4 Bxe4 20. fxe4 h6 21.
Bxe3 Nxe4 22. Bxc5 Nxc5 23. Qd4 Qd6 24. Qxc4 Rac8 25. Qd4 b5 26. c3 Na4 27. Qd2 Nb6 28. b3 Qc5 29. Rxe8+ Rxe8 30. Re1 Rd8 31. Rd1 Rd6 32. Qd4 Qc7 33. Re1 Qd8 34. c4 bxc4 35. bxc4 Rf6 36. c5 Nc8 37. d6 b6 38. d7 Ne7 39. Rxe7 1-0

[Event "Early-Titled-Tuesday-Blitz-September-12-2023"]
[Site "Chess.com"]
[Date "2023.09.12"]
[Round "1"]
[White "play1ngtheangel"]
[Black "esrosenberg"]
[Result "1-0"]
[WhiteElo "2668"]
[BlackElo "2372"]
[TimeControl "180+1"]
[EndTime "8:06:25 PDT"]
[Termination "play1ngtheangel won by checkmate"]

1. e4 c5 2. Nf3 g6 3. c3 d5 4. exd5 Qxd5 5. d4 Bg7 6. Be3 cxd4 7. cxd4 Nh6 8. Nc3 Qa5 9. Bb5+ Nc6 10. O-O O-O 11.
Bxh6 Bxh6 12. d5 Nb4 13. Qe2 e6 14. a3 Na6 15. Bxa6 Qxa6 16. Qxa6 bxa6 17. d6 Rd8 18. Rad1 Rb8 19. Na4 Bd7 20. Nc5 Rxb2 21. Ne5 Bb5 22. Rfe1 Rd2 23. Ne4 Rxd1 24. Rxd1 f5 25. Nc5 Bf8 26. Nb7 Rc8 27. d7 Bxd7 28. Nxd7 Bxa3 29. h3 Rc7 30. Nd8 Rc1 31. Rxc1 Bxc1 32. Nc6 Kf7 33. Nde5+ Kf6 34. Nc4 Bh6 35. Nxa7 Bf8 36. Nc6 Bc5 37.
Nb8 e5 38. Nxa6 Ba7 39. Nc7 e4 40. Kf1 g5 41. Ke2 h5 42. Ne8+ Kg6 43. Ne5+ Kh6 44.
Nd6 Bb8 45. Nxf5+ Kh7 46. Nc6 Bf4 47. Ng3 Kg6 48. Nxe4 Kf5 49. f3 g4 50. hxg4+ hxg4 51. Ne7+ Ke5 52. Ng6+ Kf5 53. Nxf4 Kxf4 54. g3+ Kf5 55.
Ke3 gxf3 56. Kxf3 Ke5 57. Nf2 Kf5 58. g4+ Kg5 59. Kg3 Kg6 60. Nh3 Kh6 61. Kh4 Kg6 62.
g5 Kh7 63. Kh5 Kg7 64. g6 Kh8 65. Kh6 Kg8 66. g7 Kf7 67. Kh7 Kf6 68. g8=Q Kf5 69. Qg5+ Ke6 70. Nf4+ Kf7 71. Qg6+ Kf8 72. Qg7+ Ke8 73.
Ng6 Kd8 74. Qb7 Ke8 75. Qe7# 1-0

[Event "Early-Titled-Tuesday-Blitz-September-12-2023"]
[Site "Chess.com"]
[Date "2023.09.12"]
[Round "1"]
[White "Caterpiller35"]
[Black "kleinebeer98"]
[Result "1/2-1/2"]
[WhiteElo "2480"]
[BlackElo "2827"]
[TimeControl "180+1"]
[EndTime "8:06:28 PDT"]
[Termination "Game drawn by repetition"]

1. d4 Nf6 2. Bg5 Nc6 3. d5 Nb4 4. Bxf6 exf6 5. a3 Na6 6. Nf3 c6 7. Nc3 Qb6 8. e3 Nc7 9. d6 Ne6 10. b4 a5 11. b5 Qc5 12. Ne4 Qf5 13. Bd3 Nc5 14. Nd4 Nxd3+ 15. Qxd3 Qg6 16. O-O f5 17.
Ng3 Bxd6 18. Ndxf5 Be5 19. Qe4 f6 20. bxc6 d5 21.
cxb7 Bxb7 22. Nd6+ Kd7 23. Qxg6 hxg6 24. Nxb7 Bxa1 25. Rxa1 Kc6 26. Rb1 Ra7 27. Nxa5+ Rxa5 28. Rb3 Rha8 29. Ne2 Rxa3 30. Nd4+ Kd7 31. Rxa3 Rxa3 32. g3 Ra2 33. Kg2 Kd6 34. h4 Ke5 35. Kf3 Ra1 36. Nb3 Rh1 37. Nd4 Kd6 38. Nb5+ Kc5 39. Nd4 Kd6 40. Nb5+ Ke7 41. Nd4 Kf7 42. Kg4 Rh2 43.
Kf3 Kg8 44. Nc6 Kf7 45. Nb4 Ke6 46. Nc6 Kd6 47. Nd4 Rh1 1/2-1/2

[Event "Early-Titled-Tuesday-Blitz-September-12-2023"]
[Site "Chess.com"]
[Date "2023.09.12"]
[Round "1"]
[White "marik_spb"]
[Black "Lennis93"]
[Result "0-1"]
[WhiteElo "2420"]
[BlackElo "2745"]
[TimeControl "180+1"]
[EndTime "8:06:29 PDT"]
[Termination "Lennis93 won by resignation"]

1. e4 c5 2. c3 Nc6 3. d4 e6 4. Nf3 d5 5. e5 Qb6 6. a3 a5 7. Bd3 c4 8. Bc2 Bd7 9. O-O Nge7 10. Nbd2 Ng6 11. Ne1 f5 12. exf6 gxf6 13. f4 f5 14.
Ndf3 Bd6 15. Ne5 Ncxe5 16. fxe5 Bxe5 17. Nf3 Bd6 18. Kh1 O-O-O 19. b3 cxb3 20. Bxb3 Qa6 21. Bg5 Rde8 22. c4 a4 23. Ba2 Bc6 24. cxd5 exd5 25. Qc2 Rhf8 26. Bxd5 Re2 27. Qc4 Qxc4 28. Bxc4 Rc2 29.
Be6+ Kb8 30. d5 Bb5 31. Nd4 Bxf1 32. Nxc2 Bd3 33. Nd4 f4 34. Rd1 Ne5 35. Bf5 Bxf5 36. Bxf4 Bg4 37. Bxe5 Bxe5 38. Nf3 Rxf3 39. gxf3 Bxf3+ 40. Kg1 Bxd1 41. Kf2 Bxh2 0-1

[Event "Early-Titled-Tuesday-Blitz-September-12-2023"]
[Site "Chess.com"]
[Date "2023.09.12"]
[Round "1"]
[White "nihalsarin"]
[Black "CrushingKings"]
[Result "0-1"]
[WhiteElo "3107"]
[BlackElo "2551"]
[TimeControl "180+1"]
[EndTime "8:06:30 PDT"]
[Termination "CrushingKings won by checkmate"]

1. e4 g6 2. h4 Bg7 3. h5 c5 4. Nc3 Nc6 5. Bc4 e6 6. d3 Nge7 7. h6 Bf6 8. Nf3 d5 9. Bb5 O-O 10. Bxc6 Nxc6 11. O-O Nd4 12. Nxd4 cxd4 13. Ne2 dxe4 14.
dxe4 e5 15. Qd3 Be6 16. f4 Rc8 17. b3 Bg4 18. Ba3 Re8 19. Rae1 Rxc2 20. fxe5 Bxe2 21.
Qxc2 d3 22. Qc4 Bxe5 23. Qxf7+ Kh8 24. Bf8 Bd4+ 25. Rf2 Rxf8 26. Qxb7 Bxf2+ 27. Kh2 Qh4# 0-1

[Event "Early-Titled-Tuesday-Blitz-September-12-2023"]
[Site "Chess.com"]
[Date "2023.09.12"]
[Round "1"]
[White "Boxerandchessplayer"]
[Black "aghasiyevkamal"]
[Result "0-1"]
[WhiteElo "2103"]
[BlackElo "2550"]
[TimeControl "180+1"]
[EndTime "8:06:30 PDT"]
[Termination "aghasiyevkamal won by resignation"]

1. d4 d5 2. Nf3 Nf6 3. Nbd2 e6 4. c4 Be7 5. g3 O-O 6. Bg2 c6 7. O-O b6 8. Qc2 Bb7 9. e4 Na6 10. e5 Nd7 11. h4 h6 12. b3 Rc8 13. Bb2 c5 14. Rac1 dxc4 15. Qxc4 Nb4 16. dxc5 Bxc5 17.
Qe2 Nxa2 18. Ra1 Nb4 19. Rxa7 Bd5 20. Rc1 Ra8 21. Rxa8 Qxa8 22. Ne1 Bxg2 23. Nxg2 Qa2 24. Bc3 Nd5 25. Qc4 Nxc3 26. Qxc3 Nxe5 27. Ne3 Qxd2 28. Qxd2 Nf3+ 0-1

[Event "Early-Titled-Tuesday-Blitz-September-12-2023"]
[Site "Chess.com"]
[Date "2023.09.12"]
[Round "1"]
[White "noblerone"]
[Black "pankajfm"]
[Result "0-1"]
[WhiteElo "2533"]
[BlackElo "2103"]
[TimeControl "180+1"]
[EndTime "8:06:30 PDT"]
[Termination "pankajfm won by resignation"]

1. d4 Nf6 2. Nf3 g6 3. Bg5 Bg7 4. Nbd2 d5 5. e3 O-O 6. c4 c5 7. Bxf6 Bxf6 8. cxd5 cxd4 9. e4 e6 10.
e5 Bg7 11. d6 Nc6 12. Bb5 Nxe5 13. Nxe5 Bxe5 14. O-O Qxd6 15. g3 Bg7 16. Ne4 Qe5 17.
Bd3 b6 18. Qf3 Rb8 19. Rfe1 Bb7 20. Qd1 f5 21. Ng5 Qd5 22. f3 e5 23. Qa4 Rfc8 24.
Rac1 h6 25. Bc4 Rxc4 26. Qxc4 hxg5 27. Kf2 e4 28. b3 e3+ 29. Ke2 Qxc4+ 30. bxc4 g4 31.
fxg4 fxg4 32. Kd3 Re8 33. c5 Ba6+ 34. Kc2 d3+ 35. Kb3 d2 36. Rcd1 dxe1=Q 37. Rxe1 e2 38.
cxb6 axb6 39. a4 Re3+ 40. Kb4 Bc3+ 41. Kb3 Bxe1+ 42. Kc2 Ba5 0-1

[Event "Early-Titled-Tuesday-Blitz-September-12-2023"]
[Site "Chess.com"]
[Date "2023.09.12"]
[Round "1"]
[White "Inepton_Fermion"]
[Black "DefiantChair"]
[Result "0-1"]
[WhiteElo "2383"]
[BlackElo "2684"]
[TimeControl "180+1"]
[EndTime "8:06:31 PDT"]
[Termination "DefiantChair won on time"]

1. Nf3 d5 2. b3 Nf6 3. Bb2 e6 4. e3 c5 5. c4 Nc6 6. cxd5 exd5 7.
Bb5 Bd6 8. O-O O-O 9. d4 cxd4 10. Nxd4 Ne5 11. Nd2 Bg4 12. Be2 Bd7 13. N2f3 Re8 14. Nxe5 Bxe5 15. Bf3 Ne4 16. Rc1 Qf6 17. h3 Rad8 18.
Qe2 a6 19. Ba1 Qg6 20. Kh1 Bxd4 21. Bxd4 Bb5 22. Qe1 Bxf1 23. Qxf1 Nd2 24. Qe2 Nxf3 25. Qxf3 Qe4 26. Qg3 Qg6 27. Qc7 b5 28. Qa7 Rc8 29. Rc7 Rxc7 30. Qxc7 Qb1+ 31. Kh2 h6 32. Qc6 Re6 33.
Qxd5 Qxa2 34. Qd8+ Kh7 35. b4 Qxf2 0-1

[Event "Early-Titled-Tuesday-Blitz-September-12-2023"]
[Site "Chess.com"]
[Date "2023.09.12"]
[Round "1"]
[White "Murad_Ibrahimli"]
[Black "Irishchessman16"]
[Result "1-0"]
[WhiteElo "2905"]
[BlackElo "2498"]
[TimeControl "180+1"]
[EndTime "8:06:32 PDT"]
[Termination "Murad_Ibrahimli won on time"]

1. e4 c5 2. f3 Nc6 3. Bb5 e6 4.
Bxc6 bxc6 5. Ne2 d5 6. O-O Bd6 7. d3 Ne7 8. Bf4 e5 9. Be3 O-O 10. Nd2 f5 11. Nb3 c4 12. dxc4 d4 13. Bf2 c5 14.
exf5 Nxf5 15. Ng3 Bb7 16. Nd2 Nh4 17. Nge4 Be7 18. Bxh4 Bxh4 19. Qe2 Qb6 20. b3 Rae8 21. Qd3 Re6 22. a3 a5 23. Kh1 Rh6 24. g3 Be7 25.
Rf2 Qg6 26. Kg1 Qh5 27. Raf1 Rg6 28. Re1 Qh3 29. Rg2 Qh5 30. Ree2 Qf5 31. h4 Re6 32. Kh2 h6 33. Nf2 Qxd3 34. Nxd3 Bxf3 35. Nxf3 Rxf3 36. Rxe5 Rxe5 37. Nxe5 Rc3 38. a4 Bd6 39. Nd3 Kf7 40. Re2 Kf6 41. Kg2 Kf5 42. Kf3 g5 43. g4+ Kf6 44. h5 Bf4 45. Ke4 Be3 46. Kd5 1-0

[Event "Early-Titled-Tuesday-Blitz-September-12-2023"]
[Site "Chess.com"]
[Date "2023.09.12"]
[Round "1"]
[White "Keithonsky"]
[Black "valemava"]
[Result "1-0"]
[WhiteElo "2618"]
[BlackElo "2303"]
[TimeControl "180+1"]
[EndTime "8:06:32 PDT"]
[Termination "Keithonsky won by checkmate"]

1. d4 c6 2. Nc3 b5 3. a3 d5 4. Bf4 Bf5 5. e3 e6 6. g3 h6 7. g4 Bg6 8. h4 h5 9. Be2 Nf6 10. Bg5 Be7 11. Bxf6 Bxf6 12. gxh5 Bh7 13. Nf3 Nd7 14. Bd3 Bxd3 15. cxd3 Rxh5 16. Ne5 g6 17. Nxc6 Qb6 18. Nb4 a5 19. Nc2 Ke7 20. b4 a4 21.
Rc1 Rah8 22. Qf3 Rxh4 23. Rxh4 Rxh4 24. Qxd5 exd5 25. Nxd5+ Kd6 26. Nxb6 Nxb6 27. Ke2 Nd5 28. e4 Nc3+ 29. Kd2 Bg5+ 30. Ne3 Na2 31. e5+ Kd7 32. Rc2 Rh2 33. Ke2 Nxb4 34. axb4 a3 35. Ra2 Be7 36. Nd5 Bh4 37. Kf3 Bxf2 38. Nf6+ Kc6 39. d5+ Kb6 40. Ng4 Rh3+ 41. Kxf2 Rxd3 42. e6 Rxd5 43. e7 Rf5+ 44. Ke3 Rf1 45. e8=Q Re1+ 46.
Re2 Rxe2+ 47. Kxe2 a2 48. Qb8+ Kc6 49. Qa8+ Kd6 50. Qxa2 f5 51. Ne3 f4 52. Qd5+ Ke7 53. Ng4 g5 54. Kf3 Kf8 55. Qxg5 Kf7 56. Qxb5 Ke6 57.
Qe5+ Kf7 58. Qf6+ Ke8 59. Qg7 Kd8 60. Ne5 Kc8 61. Qd7+ Kb8 62. Nc6+ Ka8 63. Qc8# 1-0

[Event "Early-Titled-Tuesday-Blitz-September-12-2023"]
[Site "Chess.com"]
[Date "2023.09.12"]
[Round "1"]
[White "santosalberto1987"]
[Black "MBA_CHESS_2021"]
[Result "1-0"]
[WhiteElo "2550"]
[BlackElo "2099"]
[TimeControl "180+1"]
[EndTime "8:06:32 PDT"]
[Termination "santosalberto1987 won by checkmate"]

1. e4 c5 2. Nf3 Nc6 3. Nc3 e5 4. Bc4 d6 5. d3 h6 6. Nd2 a6 7. a4 Be7 8. Nf1 Bg5 9. Ne3 Be6 10. Ned5 Nge7 11. O-O Bxd5 12. Nxd5 Bxc1 13. Rxc1 Nxd5 14.
Bxd5 g5 15. g3 Qd7 16. f4 gxf4 17. gxf4 O-O-O 18. Qh5 f6 19. Kh1 Ne7 20. Bb3 Kb8 21.
fxe5 fxe5 22. Rf7 Rdf8 23. Rcf1 Qe8 24. Rxf8 Rxf8 25. Qxe8+ Rxe8 26. Rf6 Kc7 27. Rxh6 b5 28. Rh7 Kb6 29. h4 Ng6 30. Bf7 Nf8 31. Bxe8 Nxh7 32. axb5 axb5 33. h5 Nf6 34. h6 d5 35. Bg6 d4 36. h7 Nxh7 37. Bxh7 c4 38. Kg2 b4 39.
dxc4 Kc5 40. b3 d3 41. cxd3 Kd4 42. Bg8 Kc3 43. c5 Kxd3 44. c6 Kxe4 45. c7 Kd4 46. c8=Q e4 47. Qc4+ Ke3 48. Bh7 Kd2 49. Qxe4 Kd1 50.
Kf2 Kd2 51. Qc2# 1-0

[Event "Early-Titled-Tuesday-Blitz-September-12-2023"]
[Site "Chess.com"]
[Date "2023.09.12"]
[Round "1"]
[White "MrTattaglia"]
[Black "TERMINATOR_PC"]
[Result "1-0"]
[WhiteElo "2920"]
[BlackElo "2504"]
[TimeControl "180+1"]
[EndTime "8:06:33 PDT"]
[Termination "MrTattaglia won by resignation"]

1. d4 Nf6 2. c4 e6 3. Nc3 Bb4 4. e3 O-O 5. Bd3 d5 6. a3 Bxc3+ 7. bxc3 dxc4 8. Bxc4 c5 9. Nf3 Qc7 10. Be2 b6 11.
Bb2 Bb7 12. c4 cxd4 13. exd4 Nbd7 14. O-O Rac8 15. Nd2 Rfd8 16. Re1 Ne4 17. Nxe4 Bxe4 18. Bf1 Bg6 19. Rc1 Nf6 20. Qf3 Qd6 21. h3 Nh5 22.
Rcd1 Qf4 23. Qe2 Nf6 24. d5 exd5 25. cxd5 Bh5 26. g4 Bg6 27. Be5 Qa4 28. d6 Ne4 29. Rd4 Qxa3 30. Rxe4 Bxe4 31. Qxe4 a5 32. Bd3 g6 33.
Re3 Qc5 34. Qf4 1-0

[Event "Early-Titled-Tuesday-Blitz-September-12-2023"]
[Site "Chess.com"]
[Date "2023.09.12"]
[Round "1"]
[White "Let_it_be_1"]
[Black "secretsuperstar7"]
[Result "1-0"]
[WhiteElo "2686"]
[BlackElo "2390"]
[TimeControl "180+1"]
[EndTime "8:06:34 PDT"]
[Termination "Let_it_be_1 won by resignation"]

1. e4 c5 2. Nf3 d6 3. d4 cxd4 4. Nxd4 Nf6 5. Nc3 a6 6. Be2 b5 7. Bf3 e5 8. Nf5 Bxf5 9. exf5 Ra7 10. Be3 Rd7 11. Nd5 Nxd5 12. Bxd5 Be7 13. O-O O-O 14. a4 b4 15. a5 Bg5 16. Bb6 Qc8 17. Qg4 Bd8 18. Qxb4 Nc6 19. Qc4 Ne7 20. Qxc8 Nxc8 21.
Bc6 Re7 22. Be3 Na7 23. Bd5 Nb5 24. f6 gxf6 25. Bh6 Rc7 26. Bxf8 Kxf8 27. c3 f5 28. Ra4 Bg5 29. Bc4 Rb7 30. Rb4 Ke7 31. Bxb5 axb5 32. a6 Ra7 33. Ra1 Kd7 34. Rxb5 Kc6 35. Rb8 e4 36. b4 Kc7 37. Rf8 Kb6 38. Rb8+ Kc7 39. Rb5 e3 40. Kf1 exf2 41. Kxf2 Bh4+ 42. g3 Be7 43.
Rxf5 f6 44. Rh5 Kc6 45. Rxh7 d5 46. Rxe7 Rxe7 47. a7 1-0

[Event "Early-Titled-Tuesday-Blitz-September-12-2023"]
[Site "Chess.com"]
[Date "2023.09.12"]
[Round "1"]
[White "KVAIDAN"]
[Black "thedjoker98"]
[Result "0-1"]
[WhiteElo "2306"]
[BlackElo "2624"]
[TimeControl "180+1"]
[EndTime "8:06:34 PDT"]
[Termination "thedjoker98 won by resignation"]

1. f4 d5 2. Nf3 g6 3. e3 Bg7 4. Be2 Nf6 5. O-O O-O 6. d3 c5 7. Kh1 Nc6 8. a4 b6 9. Ne5 Bb7 10. Qe1 Qd6 11. Nxc6 Bxc6 12. Qg3 Nd7 13. Nc3 Rae8 14.
Nb5 Qb8 15. Bf3 a6 16. Na3 e5 17. f5 e4 18. Qxb8 Rxb8 19. dxe4 dxe4 20. Bg4 Nf6 21. Be2 Bxa4 22. Bxa6 Nd5 23. Bc4 Nb4 24. f6 Bh6 25.
b3 Bc6 26. Bd2 b5 27. Be2 Rfd8 28. Bc1 Nd5 29. c4 bxc4 30. Nxc4 Bg5 31. Ne5 Be8 32. Bc4 Bxf6 33. Rxf6 Nxf6 34. Bb2 Nd5 35. Re1 Bb5 36. Ng4 Bxc4 37. bxc4 Rxb2 38. cxd5 f5 39. Ne5 Rxd5 40. Nc4 Rc2 41. Nb6 Rdd2 42. Rg1 c4 43. h4 c3 44. Nc4 Rxg2 45. Rxg2 Rxg2 46. Kxg2 c2 47.
Nd2 c1=Q 48. Nf1 Qe1 49. h5 gxh5 50. Ng3 Qxe3 51. Kh2 h4 52. Nh1 Qf3 53. Nf2 Qxf2+ 0-1

[Event "Early-Titled-Tuesday-Blitz-September-12-2023"]
[Site "Chess.com"]
[Date "2023.09.12"]
[Round "1"]
[White "AlexandraSamaganova"]
[Black "Aemulus20"]
[Result "0-1"]
[WhiteElo "2302"]
[BlackElo "2617"]
[TimeControl "180+1"]
[EndTime "8:06:34 PDT"]
[Termination "Aemulus20 won on time"]

1. c4 c5 2. Nc3 g6 3. g3 Bg7 4. Bg2 Nc6 5. e3 d6 6. Nge2 e5 7. h3 Nge7 8. O-O Be6 9. Nd5 Qd7 10. Kh2 O-O 11. Nec3 f5 12. f4 Rab8 13. a3 a6 14. Nb6 Qd8 15. Ncd5 Nxd5 16. Nxd5 b5 17. cxb5 axb5 18.
Rb1 e4 19. Nc3 Bc4 20. Rf2 Bd3 21. Ra1 d5 22. Bf1 Bxf1 23. Qxf1 c4 24. a4 b4 25.
Nb5 Na5 26. Rb1 Nb3 27. g4 fxg4 28. hxg4 Qh4+ 29. Kg1 Qxg4+ 30. Rg2 Qd7 31. d4 exd3 32. Bd2 Nxd2 33. Rxd2 b3 34. Rc1 Ra8 35. Ra1 Qe7 36. Nc3 Qxe3+ 37. Qf2 Bd4 38. Kg2 Qxf2+ 39. Rxf2 Bxf2 40.
Kxf2 d4 41. Kg3 dxc3 42. bxc3 b2 43. Rb1 Rfb8 44. f5 Rxa4 0-1

[Event "Early-Titled-Tuesday-Blitz-September-12-2023"]
[Site "Chess.com"]
[Date "2023.09.12"]
[Round "1"]
[White "PattyCastillo"]
[Black "Just_Lucky_1"]
[Result "0-1"]
[WhiteElo "1999"]
[BlackElo "2543"]
[TimeControl "180+1"]
[EndTime "8:06:34 PDT"]
[Termination "Just_Lucky_1 won on time"]

1. d4 Nf6 2. Nf3 e6 3. e3 d5 4. Bd3 Nbd7 5. b3 Bd6 6. Bb2 b6 7. Nbd2 Bb7 8. O-O O-O 9. c4 c5 10. Rc1 Qe7 11. Ne5 cxd4 12. exd4 dxc4 13. bxc4 Rfd8 14.
Qe2 Ba3 15. Bxa3 Qxa3 16. Bb1 Nxe5 17. dxe5 Nd7 18. Rfd1 Nf8 19. Nf3 Rac8 20. Ng5 h6 21. Ne4 Bxe4 22. Qxe4 Rd2 23. Re1 Qc5 24. Qf4 Qd4 25.
Qxd4 Rxd4 26. Red1 Rcxc4 27. f3 g5 28. Kf2 Nd7 29.
Be4 Nxe5 30. Rxc4 Rxd1 31. Rc8+ Kg7 32. Rc7 Rd2+ 33. Ke3 Rxa2 34. h4 gxh4 35. f4 Ng4+ 36. Kf3 h5 0-1

[Event "Early-Titled-Tuesday-Blitz-September-12-2023"]
[Site "Chess.com"]
[Date "2023.09.12"]
[Round "1"]
[White "DrVelja"]
[Black "Tactictic"]
[Result "1-0"]
[WhiteElo "2873"]
[BlackElo "2488"]
[TimeControl "180+1"]
[EndTime "8:06:35 PDT"]
[Termination "DrVelja won by resignation"]

1. e4 c5 2. Nf3 d6 3. d4 cxd4 4. Nxd4 Nf6 5. Nc3 a6 6. Rg1 e5 7. Nb3 h5 8. Bg5 Be6 9. Qd2 Be7 10. O-O-O Nc6 11. Kb1 Rc8 12. f4 exf4 13. Bxf4 Ne5 14. Bd3 Qb6 15. Rgf1 Nxd3 16. cxd3 d5 17. Be3 Qc7 18.
exd5 Nxd5 19. Nxd5 Bxd5 20. Rc1 Qd7 21. Nc5 Qb5 22. a4 Qc6 23. Nxa6 Qd7 24. Rxc8+ Qxc8 25. Rc1 Bc6 26. Nb4 O-O 27. Nxc6 bxc6 28. Qc2 Qd7 29. a5 Ra8 30. Bb6 Bb4 31. Qxc6 Qxd3+ 32. Qc2 Qd5 33. a6 Qb5 34. a7 Bf8 35. Qc6 Qd3+ 36. Rc2 Qd1+ 37.
Ka2 1-0

[Event "Early-Titled-Tuesday-Blitz-September-12-2023"]
[Site "Chess.com"]
[Date "2023.09.12"]
[Round "1"]
[White "Arash_Tahbaz"]
[Black "Eloist"]
[Result "1-0"]
[WhiteElo "2830"]
[BlackElo "2468"]
[TimeControl "180+1"]
[EndTime "8:06:35 PDT"]
[Termination "Arash_Tahbaz won on time"]

1. Nf3 Nf6 2. g3 b6 3. Bg2 Bb7 4. O-O e6 5. d3 d5 6. Nbd2 Nbd7 7. e4 dxe4 8. dxe4 Nxe4 9. Nd4 Ndf6 10. c3 c5 11. Nxe4 Bxe4 12. Qa4+ Qd7 13. Nb5 Bxg2 14. Kxg2 Rc8 15. c4 a5 16. Bf4 Be7 17. Rfd1 Qc6+ 18. Kg1 O-O 19. Qc2 Rfd8 20. Na7 Qe4 21. Qxe4 Nxe4 22.
Nxc8 Rxc8 23. Rd7 Bf6 24. Re1 Ng5 25. Kg2 h6 26. b3 Kf8 27. Red1 Ke8 28. Rb7 e5 29.
Bxg5 hxg5 30. Rdd7 e4 31. Kf1 Bd4 32. Ke2 f5 33.
Rf7 g6 34. Rh7 1-0

[Event "Early-Titled-Tuesday-Blitz-September-12-2023"]
[Site "Chess.com"]
[Date "2023.09.12"]
[Round "1"]
[White "Casper"]
[Black "kingofthenil"]
[Result "0-1"]
[WhiteElo "2434"]
[BlackElo "2768"]
[TimeControl "180+1"]
[EndTime "8:06:35 PDT"]
[Termination "kingofthenil won by resignation"]

1. e4 e6 2. Be2 d5 3. exd5 exd5 4. Nf3 Bd6 5. O-O Ne7 6. b3 O-O 7. Bb2 Bg4 8. h3 Bh5 9. Re1 Nd7 10. Nd4 Bxe2 11. Qxe2 c6 12. d3 Ng6 13. Nd2 Be5 14.
N2f3 Bf6 15. g3 c5 16. Ne6 fxe6 17. Qxe6+ Kh8 18. d4 cxd4 19. Nxd4 Nc5 20. Qg4 Ne5 21. Qh5 Qe8 22. Qd1 Qg6 23. b4 Ne4 24. Ne6 Nxg3 25.
Nxf8 Rxf8 26. Rxe5 Bxe5 27. Bxe5 Ne2+ 28. Kf1 Ng3+ 29.
Kg1 Ne4+ 30. Bg3 Nxg3 31. fxg3 Qxg3+ 32. Kh1 Qxh3+ 33. Kg1 Qg3+ 34. Kh1 Rf2 35. Qg1 Qh3+ 0-1

[Event "Early-Titled-Tuesday-Blitz-September-12-2023"]
[Site "Chess.com"]
[Date "2023.09.12"]
[Round "1"]
[White "Nf3c5"]
[Black "GMJustin"]
[Result "1-0"]
[WhiteElo "2583"]
[BlackElo "2267"]
[TimeControl "180+1"]
[EndTime "8:06:35 PDT"]
[Termination "Nf3c5 won on time"]

1. e4 e5 2. Nf3 Nc6 3. Bc4 Nf6 4. Ng5 Bc5 5. d4 Bxd4 6. c3 Bb6 7. Nxf7 Bxf2+ 8.
Kxf2 Nxe4+ 9. Kg1 Qe7 10. Be3 Rf8 11. Qf3 Nf6 12. Ng5 e4 13. Qd1 d5 14. Bxd5 Bg4 15. Bxc6+ bxc6 16. Qa4 Qd6 17. Nd2 1-0